Monsters vs Barons

Created - Friday, October 17, 2014 at 20:47

Goals
1 2 3 T
Monsters 1 0 0 1
Barons 4 6 3 13
Shots
1 2 3 T
Monsters 13 4 5 22
Barons 4 12 13 29

1st period

1. Barons , Steve Bernier 2 (Devin Setoguchi, Torrey Mitchell) at 0:18
2. Monsters , Jordan Szwarz 1 (Ben Street, Taylor Fedun) at 13:19 (PP)
3. Barons , Ryan Spooner 2 (Ryan Stanton) at 13:51
4. Barons , Steve Bernier 3 (Devin Setoguchi, Ryan Stanton) at 15:30
5. Barons , Brayden McNabb 5 (Devin Setoguchi, Kris Newbury) at 19:44

Penalties :
Brad Winchester (OKC) for Fighting (Major) at 0:39, Matthew Corrente (LAM) for Fighting (Major) at 0:39, Ryan Parent (OKC) for Holding (Minor) at 4:46, Kris Newbury (OKC) for Holding Stick (Minor) at 11:20, Shawn Thornton (OKC) for Fighting (Major) at 16:11, Paul Bissonnette (LAM) for Fighting (Major) at 16:11, Torrey Mitchell (OKC) for Hooking (Minor) at 16:38

2nd period

6. Barons , Chuck Kobasew 2 (Ryan Spooner, Ryan Stanton) at 3:36
7. Barons , Torrey Mitchell 1 (Devin Setoguchi, Ryan Parent) at 3:59 (PP)
8. Barons , Chuck Kobasew 3 (Ryan Spooner) at 11:04
9. Barons , Torrey Mitchell 2 (David Kolomatis, Devin Setoguchi) at 15:34
10. Barons , Ryan Parent 1 (Torrey Mitchell, Devin Setoguchi) at 16:46
11. Barons , Teemu Pulkkinen 3 (Andy Miele) at 18:04

Penalties :
Devin Setoguchi (OKC) for Interference (Minor) at 0:03, Brad Winchester (OKC) for Fighting (Major) at 3:37, Matthew Corrente (LAM) for Fighting (Major) at 3:37, Matthew Corrente (LAM) for instigated a fight (Minor) at 3:37, Matthew Corrente (LAM) for instigated and being the aggresor in a fight (20 Minutes Game Misconduct) at 3:37, Tommy Cross (OKC) for Fighting (Major) at 4:16, Andrej Nestrasil (LAM) for Fighting (Major) at 4:16, Tommy Cross (OKC) for instigated a fight (Minor) at 4:16, Tommy Cross (OKC) for instigated a fight (10 Minutes Misconduct) at 4:16, Ryan Parent (OKC) for Holding Stick (Minor) at 18:21

3rd period

12. Barons , Andy Miele 1 (Ryan Stanton, Teemu Pulkkinen) at 9:55 (PP)
13. Barons , Teemu Pulkkinen 4 (Andy Miele, Brad Winchester) at 10:56
14. Barons , Devin Setoguchi 2 (Chris Porter, Ryan Stanton) at 18:31

Penalties :
Taylor Fedun (LAM) for Hooking (Minor) at 8:11, Brayden McNabb (OKC) for Diving (Minor) at 14:29

Goalie Stats

Farm Player80 (LAM), 10 saves from 19 shots - (0.526), L, 1-4-0, 44:10 minutes
Farm Player100 (LAM), 6 saves from 10 shots - (0.600), 15:50 minutes
Ray Emery (OKC), 21 saves from 22 shots - (0.955), W, 4-1-0, 60:00 minutes

Players Stats for Monsters

Player Name              G  A  P  +/- PIM S  H  SB GA TA FO     MP     PP MP  PK MP  
------------------------------------------------------------------------------------
Andrej Nestrasil         0  0  0  -3  5   3  2  1  4  0  0/0    16:05   6:05   0:00 
Andrew Joudrey           0  0  0  -5  0   0  0  0  1  1  5/6    14:41   0:11   0:00 
Ben Street               0  1  1   0  0   1  1  1  3  0  10/18  20:19   6:29   0:34 
Benn Ferriero            0  0  0  -6  0   3  3  2  1  1  2/2    23:54   7:24   0:55 
Brett Hextall            0  0  0  -5  0   1  0  0  1  1  0/0    13:47   0:00   0:00 
Farm Player12            0  0  0  -4  0   0  1  1  0  0  0/0    20:47   3:38   0:48 
Farm Player13            0  0  0  -4  0   0  0  1  0  0  0/0    16:49   0:00   1:17 
Gleason Fournier         0  0  0  -5  0   1  0  0  1  1  0/0    22:51   6:28   0:56 
Jordan Szwarz            1  0  1   0  0   3  3  0  2  0  0/0    19:45   6:29   0:00 
Justin Mercier           0  0  0   0  0   0  0  0  0  0  0/0     0:25   0:00   0:00 
Matthew Corrente         0  0  0  -2  32  0  1  0  0  0  0/0     6:19   2:50   0:00 
Max Friberg              0  0  0   0  0   0  0  1  1  2  0/1    19:45   6:29   0:00 
Mike Mottau              0  0  0  -3  0   3  1  1  0  2  0/0    27:45   7:25   1:10 
Paul Bissonnette         0  0  0  -5  5   0  7  0  2  1  0/0    14:13   1:08   0:00 
Raphael Bussieres        0  0  0  -3  0   1  4  1  1  0  0/1     8:00   0:00   0:37 
T.J. Hensick             0  0  0  -3  0   4  1  1  3  1  9/17   19:55   7:24   1:45 
Tanner Richard           0  0  0  -3  0   0  0  0  0  1  4/4     6:12   0:00   0:00 
Taylor Fedun             0  1  1  -4  2   2  2  2  3  0  0/0    26:17   7:25   0:22 

Players Stats for Barons

Player Name              G  A  P  +/- PIM S  H  SB GA TA FO     MP     PP MP  PK MP  
------------------------------------------------------------------------------------
Andy Miele               1  2  3   2  0   4  0  0  4  0  4/12   13:34   0:31   0:00 
Brad Winchester          0  1  1   2  10  1  1  0  0  0  1/1    14:34   0:31   1:22 
Brayden McNabb           1  0  1   6  2   1  1  2  0  2  0/0    28:03   1:35   8:23 
Chris Porter             0  1  1   2  0   1  2  0  2  0  1/2     7:52   0:00   0:18 
Chuck Kobasew            2  0  2   3  0   2  0  1  1  0  0/0    13:54   0:00   0:00 
David Kolomatis          0  1  1   6  0   1  1  0  1  0  0/0    20:06   0:31   3:31 
Devin Setoguchi          1  6  7   6  2   2  3  0  1  0  3/10   23:22   1:35   6:47 
John Negrin              0  0  0   1  0   1  0  0  0  1  0/0     5:24   0:00   0:00 
Kris Newbury             0  1  1   2  2   0  0  0  0  0  0/1     7:33   0:00   0:00 
Nick Shore               0  0  0   0  0   0  0  0  0  0  0/0     0:00   0:00   0:00 
Ryan Parent              1  1  2   4  4   1  2  1  0  2  0/0    23:29   1:13   2:03 
Ryan Spooner             1  2  3   3  0   1  1  0  2  1  5/11   18:23   0:00   3:33 
Ryan Stanton             0  5  5   5  0   3  2  1  0  2  0/0    26:26   0:31   5:20 
Shawn Thornton           0  0  0   3  5   0  1  0  0  0  0/0    12:52   0:00   0:07 
Steve Bernier            2  0  2   4  0   2  2  0  1  0  1/2    13:58   1:35   4:03 
Teemu Pulkkinen          2  1  3   2  0   6  2  1  4  1  0/1    18:38   0:31   4:03 
Tommy Cross              0  0  0   0  17  0  1  1  0  1  0/0    18:24   0:22   8:29 
Torrey Mitchell          2  2  4   4  2   3  0  2  2  2  4/9    20:09   1:35   8:17 

3 Stars

1 - Devin Setoguchi (OKC)
2 - Ryan Stanton (OKC)
3 - Torrey Mitchell (OKC)

Power Play

Monsters - 1 on 7 Attempt(s) - 14.29%
Barons - 2 on 2 Attempt(s) - 100.00%

Penalty Kill

Monsters - 0 on 2 Attempt(s) - 0.00% - Score 0 goal in Penalty Kill
Barons - 6 on 7 Attempt(s) - 85.71% - Score 0 goal in Penalty Kill

Official

Referees : Unknown
Linesman : Unknown

Game Notes

Brad Winchester beats up Matthew Corrente at 0:39 of 1st period
Paul Bissonnette beats up Shawn Thornton at 16:11 of 1st period
Farm Player100 enters game at 19:44 of 1st period
Brad Winchester beats up Matthew Corrente at 3:37 of 2nd period
Matthew Corrente ejected from game at 3:37 of 2nd period
Matthew Corrente from Monsters is suspended for 1 game(s)
Tommy Cross and Andrej Nestrasil fight to a draw at 4:16 of 2nd period
15:34 of 2nd period - Barons goal is going for a video replay. After video review, Goal.
Farm Player80 enters game at 15:34 of 2nd period

Finance

Level 1 -- Attendance: 1473 (73.65%) -- Ticket Income $51,555
Level 2 -- Attendance: 731 (73.10%) -- Ticket Income $10,965
Total Attendance: 2204 (73.47%)
Total Ticket Income: $62,520
Other Income: $30,635
Total Income: $93,155

Monsters

5 vs 5 Forward 
   Center                   Left Wing                Right Wing               Time % Phy DF OF 
 1 T.J. Hensick             Benn Ferriero            Andrej Nestrasil         35     1   2  2  
 2 Ben Street               Max Friberg              Jordan Szwarz            30     1   2  2  
 3 Andrew Joudrey           Paul Bissonnette         Brett Hextall            22     1   2  2  
 4 Tanner Richard           Raphael Bussieres        Benn Ferriero            13     1   2  2  

5 vs 5 Defense 
   Defense                  Defense                                           Time % Phy DF OF 
 1 Taylor Fedun             Mike Mottau                                       35     1   2  2  
 2 Matthew Corrente         Gleason Fournier                                  30     1   2  2  
 3 Farm Player12            Farm Player13                                     22     1   2  2  
 4 Taylor Fedun             Mike Mottau                                       13     1   2  2  

PowerPlay Forward 
   Center                   Left Wing                Right Wing               Time % Phy DF OF 
 1 T.J. Hensick             Benn Ferriero            Andrej Nestrasil         60     1   2  2  
 2 Ben Street               Max Friberg              Jordan Szwarz            40     1   2  2  

PowerPlay Defense
   Defense                  Defense                                           Time % Phy DF OF 
 1 Taylor Fedun             Mike Mottau                                       60     1   2  2  
 2 Matthew Corrente         Gleason Fournier                                  40     1   2  2  

Penalty Kill 4 Players Forward 
   Center                   Wing                     Time % Phy DF OF 
 1 Benn Ferriero            T.J. Hensick             60     1   2  2  
 2 Andrej Nestrasil         Ben Street               40     1   2  2  

Penalty Kill 4 Players Defense
   Defense                  Defense                  Time % Phy DF OF 
 1 Taylor Fedun             Mike Mottau              60     1   2  2  
 2 Matthew Corrente         Gleason Fournier         40     1   2  2  

Penalty Kill - 3 Players Forward 
   Forward                                           Time % Phy DF OF 
 1 Benn Ferriero                                     60     1   2  2  
 2 T.J. Hensick                                      40     1   2  2  

Penalty Kill - 3 Players Defense
   Defense                  Defense                  Time % Phy DF OF 
 1 Taylor Fedun             Mike Mottau              60     1   2  2  
 2 Matthew Corrente         Gleason Fournier         40     1   2  2  

4 vs 4 Forward 
   Center                   Wing                     Time % Phy DF OF 
 1 Benn Ferriero            T.J. Hensick             60     1   2  2  
 2 Andrej Nestrasil         Ben Street               40     1   2  2  

4 vs 4 Defense
   Defense                  Defense                  Time % Phy DF OF 
 1 Taylor Fedun             Mike Mottau              60     1   2  2  
 2 Matthew Corrente         Gleason Fournier         40     1   2  2  

Last Minutes Offensive
   Center                   Left Wing                Right Wing               Defense                  Defense                  
   T.J. Hensick             Benn Ferriero            Andrej Nestrasil         Taylor Fedun             Mike Mottau              

Last Minutes Defensive
   Center                   Left Wing                Right Wing               Defense                  Defense                  
   T.J. Hensick             Benn Ferriero            Andrej Nestrasil         Taylor Fedun             Mike Mottau              

Goaltenders
Starting : Farm Player80            
Backup : Farm Player100           

Extra Forwards
Normal : Paul Bissonnette, Andrew Joudrey, Raphael Bussieres - PP : Paul Bissonnette, Andrew Joudrey - PK : Raphael Bussieres
Extra Defensemen
Normal : Farm Player12, Farm Player13, Matthew Corrente - PP : Farm Player12 - PK : Farm Player13, Matthew Corrente
Penalty Shots
Benn Ferriero, T.J. Hensick, Andrej Nestrasil, Ben Street, Max Friberg

Barons

5 vs 5 Forward 
   Center                   Left Wing                Right Wing               Time % Phy DF OF 
 1 Torrey Mitchell          Steve Bernier            Devin Setoguchi          35     1   2  2  
 2 Andy Miele               Teemu Pulkkinen          Brad Winchester          30     1   2  2  
 3 Ryan Spooner             Chuck Kobasew            Shawn Thornton           22     1   2  2  
 4 Chris Porter             Kris Newbury             Devin Setoguchi          13     1   2  2  

5 vs 5 Defense 
   Defense                  Defense                                           Time % Phy DF OF 
 1 Ryan Parent              Brayden McNabb                                    35     1   2  2  
 2 Ryan Stanton             David Kolomatis                                   30     1   2  2  
 3 Tommy Cross              Ryan Parent                                       22     1   2  2  
 4 Ryan Stanton             Brayden McNabb                                    13     1   2  2  

PowerPlay Forward 
   Center                   Left Wing                Right Wing               Time % Phy DF OF 
 1 Torrey Mitchell          Steve Bernier            Devin Setoguchi          60     1   2  2  
 2 Andy Miele               Teemu Pulkkinen          Brad Winchester          40     1   2  2  

PowerPlay Defense
   Defense                  Defense                                           Time % Phy DF OF 
 1 Ryan Parent              Brayden McNabb                                    60     1   2  2  
 2 Ryan Stanton             David Kolomatis                                   40     1   2  2  

Penalty Kill 4 Players Forward 
   Center                   Wing                     Time % Phy DF OF 
 1 Devin Setoguchi          Torrey Mitchell          60     1   2  2  
 2 Steve Bernier            Teemu Pulkkinen          40     1   2  2  

Penalty Kill 4 Players Defense
   Defense                  Defense                  Time % Phy DF OF 
 1 Tommy Cross              Brayden McNabb           60     1   2  2  
 2 Ryan Stanton             David Kolomatis          40     1   2  2  

Penalty Kill - 3 Players Forward 
   Forward                                           Time % Phy DF OF 
 1 Devin Setoguchi                                   60     1   2  2  
 2 Torrey Mitchell                                   40     1   2  2  

Penalty Kill - 3 Players Defense
   Defense                  Defense                  Time % Phy DF OF 
 1 Tommy Cross              Brayden McNabb           60     1   2  2  
 2 Ryan Stanton             David Kolomatis          40     1   2  2  

4 vs 4 Forward 
   Center                   Wing                     Time % Phy DF OF 
 1 Devin Setoguchi          Torrey Mitchell          60     1   2  2  
 2 Steve Bernier            Teemu Pulkkinen          40     1   2  2  

4 vs 4 Defense
   Defense                  Defense                  Time % Phy DF OF 
 1 Ryan Parent              Brayden McNabb           60     1   2  2  
 2 Ryan Stanton             David Kolomatis          40     1   2  2  

Last Minutes Offensive
   Center                   Left Wing                Right Wing               Defense                  Defense                  
   Torrey Mitchell          Steve Bernier            Devin Setoguchi          Ryan Stanton             Brayden McNabb           

Last Minutes Defensive
   Center                   Left Wing                Right Wing               Defense                  Defense                  
   Torrey Mitchell          Steve Bernier            Devin Setoguchi          Ryan Stanton             Brayden McNabb           

Goaltenders
Starting : Ray Emery                
Backup : Josh Robinson            

Extra Forwards
Normal : Chuck Kobasew, Shawn Thornton, Ryan Spooner - PP : Chuck Kobasew, Shawn Thornton - PK : Ryan Spooner
Extra Defensemen
Normal : Tommy Cross, Ryan Parent, Ryan Stanton - PP : Tommy Cross - PK : Ryan Parent, Ryan Stanton
Penalty Shots
Devin Setoguchi, Torrey Mitchell, Steve Bernier, Teemu Pulkkinen, Brad Winchester

% Time on Ice - Monsters

Lines # - Real PCT - Wanted PCT - Time Play
Normal Forward
1 - 24% - 35% - 10:46
2 - 30% - 30% - 13:16
3 - 31% - 22% - 13:47
4 - 14% - 13% - 6:12
Normal Defense
1 - 35% - 35% - 15:34
2 - 39% - 30% - 17:12
3 - 20% - 22% - 8:37
4 - 6% - 13% - 2:38
PP Forward
1 - 53% - 60% - 7:24
2 - 47% - 40% - 6:29
PP Defense
1 - 53% - 60% - 7:25
2 - 47% - 40% - 6:28
PK Forward
1 - 100% - 60% - 2:06
2 - 0% - 40% - 0:00
PK Defense
1 - 56% - 60% - 1:10
2 - 44% - 40% - 0:56
PK3 Forward
1 - 0% - 60%
2 - 0% - 40%
PK3 Defense
1 - 0% - 60%
2 - 0% - 40%
44 Forward
1 - 0% - 60%
2 - 0% - 40%
44 Defense
1 - 0% - 60%
2 - 0% - 40%
Last Minute Offensive  - 0:00
Last Minute Defensive  - 0:00
Total
Forward - 60:00
Defense - 60:00

% Time on Ice - Barons

Lines # - Real PCT - Wanted PCT - Time Play
Normal Forward
1 - 23% - 35% - 10:18
2 - 33% - 30% - 14:28
3 - 27% - 22% - 11:41
4 - 17% - 13% - 7:34
Normal Defense
1 - 28% - 35% - 12:22
2 - 36% - 30% - 15:45
3 - 27% - 22% - 11:54
4 - 9% - 13% - 4:00
PP Forward
1 - 75% - 60% - 1:35
2 - 25% - 40% - 0:31
PP Defense
1 - 75% - 60% - 1:35
2 - 25% - 40% - 0:31
PK Forward
1 - 71% - 60% - 9:50
2 - 29% - 40% - 4:03
PK Defense
1 - 75% - 60% - 10:22
2 - 25% - 40% - 3:31
PK3 Forward
1 - 0% - 60%
2 - 0% - 40%
PK3 Defense
1 - 0% - 60%
2 - 0% - 40%
44 Forward
1 - 0% - 60%
2 - 0% - 40%
44 Defense
1 - 0% - 60%
2 - 0% - 40%
Last Minute Offensive  - 0:00
Last Minute Defensive  - 0:00
Total
Forward - 60:00
Defense - 60:00

Play by Play

1st period


0:01 of 1st period - Torrey Mitchell wins face-off versus T.J. Hensick in neutral zone.
0:18 of 1st period - Slapshot by Steve Bernier.
0:18 of 1st period - Goal by Steve Bernier - Monsters : 0 - Barons : 1.
0:19 of 1st period - Brad Winchester wins face-off versus Max Friberg in neutral zone.
0:24 of 1st period - Off-side.
0:25 of 1st period - Andy Miele wins face-off versus Ben Street in neutral zone.
0:39 of 1st period - Brad Winchester beats up Matthew Corrente.
0:39 of 1st period - Penalty to Brad Winchester for Fighting.
0:39 of 1st period - Penalty to Matthew Corrente for Fighting.
0:40 of 1st period - Ryan Spooner wins face-off versus Andrew Joudrey in Barons zone.
0:40 of 1st period - Ryan Spooner is hit by Paul Bissonnette.
1:41 of 1st period - Tommy Cross is hit by Andrej Nestrasil and loses puck.
2:04 of 1st period - Snap shot by Benn Ferriero.
2:04 of 1st period - Stopped by Ray Emery with a rebound.
2:06 of 1st period - Wrist shot by Andrej Nestrasil.
2:06 of 1st period - Stopped by Ray Emery with a rebound.
2:26 of 1st period - Ryan Stanton is hit by Jordan Szwarz and loses puck.
2:46 of 1st period - Wrist shot by Andy Miele.
2:46 of 1st period - Shot Blocked by Taylor Fedun.
3:02 of 1st period - Snap shot by Steve Bernier.
3:02 of 1st period - Deflect By Benn Ferriero.
3:02 of 1st period - Shot Blocked by Raphael Bussieres.
3:02 of 1st period - Puck is out of play.
3:03 of 1st period - Tanner Richard wins face-off versus Torrey Mitchell in Monsters zone.
3:45 of 1st period - Icing by Gleason Fournier.
3:46 of 1st period - Andrew Joudrey wins face-off versus Andy Miele in Monsters zone.
4:46 of 1st period - Minor Penalty to Ryan Parent for Holding.
4:47 of 1st period - Devin Setoguchi wins face-off versus T.J. Hensick in Barons zone.
5:39 of 1st period - Penalty to Brad Winchester is over, Brad Winchester is back on ice.
6:03 of 1st period - Jordan Szwarz is hit by Teemu Pulkkinen and loses puck.
6:22 of 1st period - Ben Street is hit by Ryan Stanton.
6:43 of 1st period - Off-side.
6:44 of 1st period - Ryan Spooner wins face-off versus T.J. Hensick in neutral zone.
6:46 of 1st period - Penalty to Ryan Parent is over, Ryan Parent is back on ice.
6:49 of 1st period - Slapshot by Ryan Stanton.
6:49 of 1st period - Shot Misses the Net.
7:16 of 1st period - Brayden McNabb is hit by Paul Bissonnette and loses puck.
7:28 of 1st period - Torrey Mitchell is hit by Matthew Corrente and loses puck.
8:01 of 1st period - Slapshot by Benn Ferriero.
8:01 of 1st period - Stopped by Ray Emery with a rebound.
8:03 of 1st period - Wrist shot by Raphael Bussieres.
8:03 of 1st period - Stopped by Ray Emery with a rebound.
8:05 of 1st period - Wrist shot by Raphael Bussieres.
8:05 of 1st period - Deflect By Benn Ferriero.
8:05 of 1st period - Shot Blocked by Ryan Stanton.
8:05 of 1st period - Puck is out of play.
8:06 of 1st period - Andy Miele wins face-off versus Ben Street in Barons zone.
8:23 of 1st period - Slapshot by Teemu Pulkkinen.
8:23 of 1st period - Shot Blocked by Taylor Fedun.
8:49 of 1st period - Snap shot by T.J. Hensick.
8:49 of 1st period - Stopped by Ray Emery without a rebound.
8:50 of 1st period - T.J. Hensick wins face-off versus Kris Newbury in Barons zone.
9:19 of 1st period - Chuck Kobasew is hit by Paul Bissonnette and loses puck.
9:38 of 1st period - Chuck Kobasew is hit by Paul Bissonnette.
9:39 of 1st period - Icing by Chuck Kobasew.
9:40 of 1st period - Ben Street wins face-off versus Ryan Spooner in Barons zone.
9:47 of 1st period - Slapshot by Ben Street.
9:47 of 1st period - Stopped by Ray Emery with a rebound.
9:49 of 1st period - Slapshot by Taylor Fedun.
9:49 of 1st period - Stopped by Ray Emery without a rebound.
9:50 of 1st period - Ben Street wins face-off versus Andy Miele in Barons zone.
10:05 of 1st period - Slapshot by Jordan Szwarz.
10:05 of 1st period - Shot Misses the Net.
10:07 of 1st period - Snap shot by Jordan Szwarz.
10:07 of 1st period - Shot Hit the Post.
10:09 of 1st period - Wrist shot by Ben Street.
10:09 of 1st period - Shot Misses the Net.
11:18 of 1st period - Snap shot by Mike Mottau.
11:18 of 1st period - Shot Misses the Net.
11:20 of 1st period - Minor Penalty to Kris Newbury for Holding Stick.
11:21 of 1st period - Benn Ferriero wins face-off versus Devin Setoguchi in Barons zone.
12:37 of 1st period - Andrej Nestrasil is hit by Steve Bernier and loses puck.
13:13 of 1st period - Snap shot by Jordan Szwarz.
13:13 of 1st period - Shot Misses the Net.
13:19 of 1st period - Snap shot by Jordan Szwarz.
13:19 of 1st period - Goal by Jordan Szwarz - Monsters : 1 - Barons : 1.
13:20 of 1st period - Andrew Joudrey wins face-off versus Ryan Spooner in neutral zone.
13:51 of 1st period - Snap shot by Ryan Spooner.
13:51 of 1st period - Goal by Ryan Spooner - Monsters : 1 - Barons : 2.
13:52 of 1st period - Andy Miele wins face-off versus Ben Street in neutral zone.
14:45 of 1st period - T.J. Hensick is hit by Ryan Parent and loses puck.
14:54 of 1st period - Slapshot by Mike Mottau.
14:54 of 1st period - Stopped by Ray Emery with a rebound.
14:56 of 1st period - Slapshot by Gleason Fournier.
14:56 of 1st period - Shot Misses the Net.
14:58 of 1st period - Slapshot by Gleason Fournier.
14:58 of 1st period - Deflect By T.J. Hensick.
14:58 of 1st period - Shot Misses the Net.
14:58 of 1st period - Puck is out of play.
14:59 of 1st period - Torrey Mitchell wins face-off versus T.J. Hensick in Barons zone.
15:30 of 1st period - Snap shot by Steve Bernier.
15:30 of 1st period - Goal by Steve Bernier - Monsters : 1 - Barons : 3.
15:31 of 1st period - Ryan Spooner wins face-off versus Ben Street in neutral zone.
15:50 of 1st period - Snap shot by Jordan Szwarz.
15:50 of 1st period - Deflect By Ryan Spooner.
15:50 of 1st period - Stopped by Ray Emery with a rebound.
15:52 of 1st period - Snap shot by Max Friberg.
15:52 of 1st period - Shot Misses the Net.
16:11 of 1st period - Paul Bissonnette beats up Shawn Thornton.
16:11 of 1st period - Penalty to Shawn Thornton for Fighting.
16:11 of 1st period - Penalty to Paul Bissonnette for Fighting.
16:12 of 1st period - T.J. Hensick wins face-off versus Torrey Mitchell in Barons zone.
16:13 of 1st period - Snap shot by Andrej Nestrasil.
16:13 of 1st period - Shot Misses the Net.
16:15 of 1st period - Wrist shot by T.J. Hensick.
16:15 of 1st period - Shot Hit the Post.
16:17 of 1st period - Wrist shot by Benn Ferriero.
16:17 of 1st period - Shot Misses the Net.
16:38 of 1st period - Minor Penalty to Torrey Mitchell for Hooking.
16:39 of 1st period - Devin Setoguchi wins face-off versus Ben Street in Barons zone.
17:15 of 1st period - Slapshot by Jordan Szwarz.
17:15 of 1st period - Stopped by Ray Emery with a rebound.
17:52 of 1st period - Ryan Stanton is hit by Benn Ferriero and loses puck.
18:36 of 1st period - Snap shot by Andrej Nestrasil.
18:36 of 1st period - Stopped by Ray Emery with a rebound.
18:38 of 1st period - Penalty to Torrey Mitchell is over, Torrey Mitchell is back on ice.
18:38 of 1st period - Snap shot by Gleason Fournier.
18:38 of 1st period - Shot Misses the Net.
19:09 of 1st period - Wrist shot by Brett Hextall.
19:09 of 1st period - Stopped by Ray Emery with a rebound.
19:44 of 1st period - Snap shot by Brayden McNabb.
19:44 of 1st period - Goal by Brayden McNabb - Monsters : 1 - Barons : 4.
19:44 of 1st period - Farm Player100 enters game.
19:45 of 1st period - Chris Porter wins face-off versus Ben Street in neutral zone.
Goals for this period are 1 for Monsters vs 4 for Barons.
Shots for this period are 13 for Monsters vs 4 for Barons.

2nd period


0:01 of 2nd period - Torrey Mitchell wins face-off versus T.J. Hensick in neutral zone.
0:03 of 2nd period - Minor Penalty to Devin Setoguchi for Interference.
0:04 of 2nd period - Ryan Spooner wins face-off versus T.J. Hensick in Barons zone.
0:24 of 2nd period - Wrist shot by Andrej Nestrasil.
0:24 of 2nd period - Stopped by Ray Emery without a rebound.
0:25 of 2nd period - Ryan Spooner wins face-off versus Ben Street in Barons zone.
0:44 of 2nd period - Backhand shot by Brayden McNabb.
0:44 of 2nd period - Shot Blocked by Max Friberg.
1:11 of 2nd period - Penalty to Shawn Thornton is over, Shawn Thornton is back on ice.
2:03 of 2nd period - Penalty to Devin Setoguchi is over, Devin Setoguchi is back on ice.
2:04 of 2nd period - Snap shot by Jordan Szwarz.
2:04 of 2nd period - Shot Blocked by Tommy Cross.
2:12 of 2nd period - Mike Mottau is hit by Devin Setoguchi and loses puck.
2:27 of 2nd period - Snap shot by Paul Bissonnette.
2:27 of 2nd period - Shot Misses the Net.
2:46 of 2nd period - Icing by Ryan Stanton.
2:47 of 2nd period - Tanner Richard wins face-off versus Chris Porter in Barons zone.
3:36 of 2nd period - Wrist shot by Chuck Kobasew.
3:36 of 2nd period - Goal by Chuck Kobasew - Monsters : 1 - Barons : 5.
3:37 of 2nd period - Andrew Joudrey wins face-off versus Andy Miele in neutral zone.
3:37 of 2nd period - Brad Winchester beats up Matthew Corrente.
3:37 of 2nd period - Penalty to Brad Winchester for Fighting.
3:37 of 2nd period - Penalty to Matthew Corrente for Fighting.
3:37 of 2nd period - Penalty to Matthew Corrente for instigated a fight.
3:37 of 2nd period - Penalty to Matthew Corrente for instigated and being the aggresor in a fight.
3:37 of 2nd period - Matthew Corrente is ejected from game.
3:38 of 2nd period - Benn Ferriero wins face-off versus Steve Bernier in neutral zone.
3:59 of 2nd period - Wrist shot by Torrey Mitchell.
3:59 of 2nd period - Goal by Torrey Mitchell - Monsters : 1 - Barons : 6.
4:00 of 2nd period - T.J. Hensick wins face-off versus Torrey Mitchell in neutral zone.
4:16 of 2nd period - Tommy Cross and Andrej Nestrasil fight to a draw.
4:16 of 2nd period - Penalty to Tommy Cross for Fighting.
4:16 of 2nd period - Penalty to Andrej Nestrasil for Fighting.
4:16 of 2nd period - Penalty to Tommy Cross for instigated a fight.
4:16 of 2nd period - Penalty to Tommy Cross for instigated a fight.
4:17 of 2nd period - T.J. Hensick wins face-off versus Devin Setoguchi in Barons zone.
5:18 of 2nd period - Torrey Mitchell is hit by Taylor Fedun and loses puck.
5:53 of 2nd period - Torrey Mitchell is hit by Benn Ferriero.
5:57 of 2nd period - Slapshot by Benn Ferriero.
5:57 of 2nd period - Shot Misses the Net.
5:59 of 2nd period - Snap shot by Gleason Fournier.
5:59 of 2nd period - Stopped by Ray Emery with a rebound.
6:01 of 2nd period - Snap shot by Benn Ferriero.
6:01 of 2nd period - Stopped by Ray Emery with a rebound.
6:16 of 2nd period - Penalty to Tommy Cross is over, Ryan Spooner is send on ice.
7:25 of 2nd period - Snap shot by Kris Newbury.
7:25 of 2nd period - Shot Misses the Net.
9:04 of 2nd period - Andy Miele is hit by Raphael Bussieres and loses puck.
9:29 of 2nd period - Ben Street is hit by Chris Porter and loses puck.
9:56 of 2nd period - Andy Miele is hit by Paul Bissonnette and loses puck.
11:04 of 2nd period - Backhand shot by Chuck Kobasew.
11:04 of 2nd period - Goal by Chuck Kobasew - Monsters : 1 - Barons : 7.
11:05 of 2nd period - Ben Street wins face-off versus Andy Miele in neutral zone.
11:10 of 2nd period - Snap shot by Andy Miele.
11:10 of 2nd period - Stopped by Farm Player100 with a rebound.
11:16 of 2nd period - Snap shot by Teemu Pulkkinen.
11:16 of 2nd period - Stopped by Farm Player100 without a rebound.
11:17 of 2nd period - Ben Street wins face-off versus Andy Miele in Monsters zone.
11:17 of 2nd period - Ben Street is hit by Brad Winchester.
11:29 of 2nd period - Snap shot by Brad Winchester.
11:29 of 2nd period - Stopped by Farm Player100 with a rebound.
11:41 of 2nd period - Ryan Stanton is hit by Farm Player12 and loses puck.
11:55 of 2nd period - Jordan Szwarz is hit by Chris Porter and loses puck.
12:20 of 2nd period - Wrist shot by Ryan Spooner.
12:20 of 2nd period - Shot Misses the Net.
12:31 of 2nd period - Chuck Kobasew is hit by Mike Mottau and loses puck.
12:59 of 2nd period - Devin Setoguchi is hit by T.J. Hensick and loses puck.
13:08 of 2nd period - Slapshot by Devin Setoguchi.
13:08 of 2nd period - Shot Misses the Net.
13:10 of 2nd period - Snap shot by Torrey Mitchell.
13:10 of 2nd period - Stopped by Farm Player100 without a rebound.
13:11 of 2nd period - Tanner Richard wins face-off versus Torrey Mitchell in Monsters zone.
13:46 of 2nd period - Brad Winchester is hit by Paul Bissonnette and loses puck.
14:20 of 2nd period - Gleason Fournier is hit by Devin Setoguchi and loses puck.
14:48 of 2nd period - Snap shot by T.J. Hensick.
14:48 of 2nd period - Stopped by Ray Emery without a rebound.
14:49 of 2nd period - T.J. Hensick wins face-off versus Ryan Spooner in Barons zone.
15:26 of 2nd period - Slapshot by Devin Setoguchi.
15:26 of 2nd period - Stopped by Farm Player100 with a rebound.
15:28 of 2nd period - Wrist shot by Torrey Mitchell.
15:28 of 2nd period - Shot Blocked by Mike Mottau.
15:30 of 2nd period - Snap shot by Devin Setoguchi.
15:30 of 2nd period - Shot Misses the Net.
15:32 of 2nd period - Slapshot by David Kolomatis.
15:32 of 2nd period - Stopped by Farm Player100 with a rebound.
15:34 of 2nd period - Slapshot by Torrey Mitchell.
15:34 of 2nd period - Barons goal is going for a video replay.
15:34 of 2nd period - The goal is good.
15:34 of 2nd period - Goal by Torrey Mitchell - Monsters : 1 - Barons : 8.
15:34 of 2nd period - Farm Player80 enters game.
15:35 of 2nd period - Ben Street wins face-off versus Andy Miele in neutral zone.
15:58 of 2nd period - Brayden McNabb is hit by Ben Street and loses puck.
16:46 of 2nd period - Slapshot by Ryan Parent.
16:46 of 2nd period - Goal by Ryan Parent - Monsters : 1 - Barons : 9.
16:47 of 2nd period - Ben Street wins face-off versus Ryan Spooner in neutral zone.
18:04 of 2nd period - Slapshot by Teemu Pulkkinen.
18:04 of 2nd period - Goal by Teemu Pulkkinen - Monsters : 1 - Barons : 10.
18:05 of 2nd period - Andrew Joudrey wins face-off versus Teemu Pulkkinen in neutral zone.
18:21 of 2nd period - Minor Penalty to Ryan Parent for Holding Stick.
18:22 of 2nd period - Ben Street wins face-off versus Devin Setoguchi in Barons zone.
18:34 of 2nd period - Snap shot by Torrey Mitchell.
18:34 of 2nd period - Shot Misses the Net.
18:37 of 2nd period - 10 Minutes Misconduct Penalty to Matthew Corrente is over.
19:16 of 2nd period - 10 Minutes Misconduct Penalty to Tommy Cross is over.
19:17 of 2nd period - Andrej Nestrasil is hit by Devin Setoguchi.
19:47 of 2nd period - Mike Mottau is hit by Teemu Pulkkinen.
Goals for this period are 0 for Monsters vs 6 for Barons.
Shots for this period are 4 for Monsters vs 12 for Barons.

3rd period


0:01 of 3rd period - T.J. Hensick wins face-off versus Devin Setoguchi in neutral zone.
0:06 of 3rd period - Slapshot by Andrej Nestrasil.
0:06 of 3rd period - Deflect By T.J. Hensick.
0:06 of 3rd period - Shot Misses the Net.
0:06 of 3rd period - Puck is out of play.
0:07 of 3rd period - T.J. Hensick wins face-off versus Devin Setoguchi in Barons zone.
0:12 of 3rd period - Wrist shot by Benn Ferriero.
0:12 of 3rd period - Shot Blocked by Torrey Mitchell.
0:14 of 3rd period - Slapshot by Taylor Fedun.
0:14 of 3rd period - Stopped by Ray Emery without a rebound.
0:15 of 3rd period - Devin Setoguchi wins face-off versus T.J. Hensick in Barons zone.
0:21 of 3rd period - Penalty to Ryan Parent is over, Ryan Parent is back on ice.
0:42 of 3rd period - Wrist shot by T.J. Hensick.
0:42 of 3rd period - Shot Blocked by Ryan Parent.
1:24 of 3rd period - Snap shot by Ben Street.
1:24 of 3rd period - Shot Misses the Net.
2:06 of 3rd period - Wrist shot by Andy Miele.
2:06 of 3rd period - Stopped by Farm Player80 with a rebound.
2:08 of 3rd period - Wrist shot by Andy Miele.
2:08 of 3rd period - Shot Blocked by Ben Street.
2:40 of 3rd period - Brett Hextall is hit by Ryan Spooner and loses puck.
2:51 of 3rd period - Brett Hextall is hit by Ryan Parent and loses puck.
3:02 of 3rd period - Chris Porter is hit by Paul Bissonnette and loses puck.
3:35 of 3rd period - Wrist shot by Benn Ferriero.
3:35 of 3rd period - Shot Blocked by Brayden McNabb.
3:37 of 3rd period - Snap shot by Mike Mottau.
3:37 of 3rd period - Shot Misses the Net.
3:39 of 3rd period - Slapshot by Mike Mottau.
3:39 of 3rd period - Deflect By Devin Setoguchi.
3:39 of 3rd period - Stopped by Ray Emery with a rebound.
3:43 of 3rd period - Snap shot by T.J. Hensick.
3:43 of 3rd period - Stopped by Ray Emery without a rebound.
3:44 of 3rd period - Tanner Richard wins face-off versus Andy Miele in Barons zone.
5:11 of 3rd period - Off-side.
5:12 of 3rd period - T.J. Hensick wins face-off versus Torrey Mitchell in neutral zone.
5:19 of 3rd period - Torrey Mitchell is hit by Benn Ferriero and loses puck.
5:26 of 3rd period - Snap shot by T.J. Hensick.
5:26 of 3rd period - Shot Blocked by Brayden McNabb.
6:27 of 3rd period - Ryan Stanton is hit by Raphael Bussieres and loses puck.
6:34 of 3rd period - Wrist shot by Tanner Richard.
6:34 of 3rd period - Shot Blocked by Teemu Pulkkinen.
7:00 of 3rd period - Wrist shot by Andrej Nestrasil.
7:00 of 3rd period - Shot Blocked by Chuck Kobasew.
8:02 of 3rd period - Chris Porter is hit by Raphael Bussieres and loses puck.
8:11 of 3rd period - Minor Penalty to Taylor Fedun for Hooking.
8:12 of 3rd period - Torrey Mitchell wins face-off versus Raphael Bussieres in Monsters zone.
9:06 of 3rd period - Devin Setoguchi is hit by Raphael Bussieres and loses puck.
9:55 of 3rd period - Slapshot by Ryan Stanton.
9:55 of 3rd period - Deflect By Andy Miele.
9:55 of 3rd period - Goal by Andy Miele - Monsters : 1 - Barons : 11.
9:56 of 3rd period - Andrew Joudrey wins face-off versus Ryan Spooner in neutral zone.
10:27 of 3rd period - Andrew Joudrey is hit by Ryan Stanton and loses puck.
10:54 of 3rd period - Snap shot by Teemu Pulkkinen.
10:54 of 3rd period - Stopped by Farm Player80 with a rebound.
10:56 of 3rd period - Snap shot by Teemu Pulkkinen.
10:56 of 3rd period - Goal by Teemu Pulkkinen - Monsters : 1 - Barons : 12.
10:57 of 3rd period - Andy Miele wins face-off versus Ben Street in neutral zone.
11:00 of 3rd period - Slapshot by Ryan Stanton.
11:00 of 3rd period - Deflect By Mike Mottau.
11:00 of 3rd period - Stopped by Farm Player80 with a rebound.
11:49 of 3rd period - Ryan Parent is hit by Andrej Nestrasil.
12:48 of 3rd period - David Kolomatis is hit by Taylor Fedun and loses puck.
13:25 of 3rd period - Jordan Szwarz is hit by Brayden McNabb and loses puck.
13:32 of 3rd period - Snap shot by Chris Porter.
13:32 of 3rd period - Stopped by Farm Player80 with a rebound.
13:42 of 3rd period - Brad Winchester is hit by Jordan Szwarz and loses puck.
13:51 of 3rd period - Snap shot by Andy Miele.
13:51 of 3rd period - Stopped by Farm Player80 with a rebound.
13:53 of 3rd period - Slapshot by John Negrin.
13:53 of 3rd period - Stopped by Farm Player80 with a rebound.
13:55 of 3rd period - Slapshot by Teemu Pulkkinen.
13:55 of 3rd period - Shot Misses the Net.
14:19 of 3rd period - Andrej Nestrasil is hit by Steve Bernier and loses puck.
14:29 of 3rd period - Minor Penalty to Brayden McNabb for Diving.
14:30 of 3rd period - T.J. Hensick wins face-off versus Ryan Spooner in Barons zone.
14:58 of 3rd period - Slapshot by Ben Street.
14:58 of 3rd period - Shot Blocked by Torrey Mitchell.
15:00 of 3rd period - Wrist shot by Max Friberg.
15:00 of 3rd period - Deflect By Jordan Szwarz.
15:00 of 3rd period - Shot Misses the Net.
15:00 of 3rd period - Puck is out of play.
15:01 of 3rd period - Ben Street wins face-off versus Devin Setoguchi in Barons zone.
15:34 of 3rd period - Wrist shot by T.J. Hensick.
15:34 of 3rd period - Stopped by Ray Emery without a rebound.
15:35 of 3rd period - Steve Bernier wins face-off versus T.J. Hensick in Barons zone.
15:40 of 3rd period - Slapshot by Teemu Pulkkinen.
15:40 of 3rd period - Stopped by Farm Player80 with a rebound.
15:42 of 3rd period - Snap shot by Teemu Pulkkinen.
15:42 of 3rd period - Stopped by Farm Player80 with a rebound.
15:44 of 3rd period - Backhand shot by Ryan Stanton.
15:44 of 3rd period - Shot Blocked by Andrej Nestrasil.
15:46 of 3rd period - Snap shot by Teemu Pulkkinen.
15:46 of 3rd period - Shot Blocked by T.J. Hensick.
15:48 of 3rd period - Snap shot by Ryan Stanton.
15:48 of 3rd period - Shot Misses the Net.
15:50 of 3rd period - Slapshot by Ryan Stanton.
15:50 of 3rd period - Stopped by Farm Player80 without a rebound.
15:51 of 3rd period - Ben Street wins face-off versus Devin Setoguchi in Monsters zone.
15:56 of 3rd period - Tommy Cross is hit by Jordan Szwarz.
16:26 of 3rd period - T.J. Hensick is hit by Tommy Cross and loses puck.
16:29 of 3rd period - Penalty to Brayden McNabb is over, Brayden McNabb is back on ice.
16:33 of 3rd period - Slapshot by Mike Mottau.
16:33 of 3rd period - Stopped by Ray Emery with a rebound.
16:35 of 3rd period - Snap shot by Andrej Nestrasil.
16:35 of 3rd period - Shot Misses the Net.
16:57 of 3rd period - Brett Hextall is hit by David Kolomatis and loses puck.
17:49 of 3rd period - Max Friberg is hit by Shawn Thornton and loses puck.
18:23 of 3rd period - Wrist shot by Devin Setoguchi.
18:23 of 3rd period - Shot Misses the Net.
18:25 of 3rd period - Wrist shot by Chris Porter.
18:25 of 3rd period - Shot Blocked by Benn Ferriero.
18:27 of 3rd period - Slapshot by David Kolomatis.
18:27 of 3rd period - Shot Blocked by Benn Ferriero.
18:29 of 3rd period - Wrist shot by Ryan Stanton.
18:29 of 3rd period - Shot Blocked by Farm Player13.
18:31 of 3rd period - Snap shot by Chris Porter.
18:31 of 3rd period - Deflect By Devin Setoguchi.
18:31 of 3rd period - Goal by Devin Setoguchi - Monsters : 1 - Barons : 13.
18:32 of 3rd period - Ben Street wins face-off versus Andy Miele in neutral zone.
18:40 of 3rd period - Slapshot by Ryan Stanton.
18:40 of 3rd period - Stopped by Farm Player80 with a rebound.
18:42 of 3rd period - Slapshot by Brad Winchester.
18:42 of 3rd period - Shot Blocked by Farm Player12.
19:47 of 3rd period - Snap shot by Chuck Kobasew.
19:47 of 3rd period - Shot Misses the Net.
Goals for this period are 0 for Monsters vs 3 for Barons.
Shots for this period are 5 for Monsters vs 13 for Barons.


Output by the SimonT Hockey Simulator (STHS) for Eric Dolegowski -- Original Page W3C XHTML 1.0 Valid
Hockey Simulator - Hockey Simulation - Hockey Manager